 Dungeon Crawl Stone Soup version 0.17-a0-2030-g9ce824c (webtiles) character file.

805 Adamkad1 the Cudgeler (level 7, -1/72 HPs)
             Began as an Ogre Gladiator on Oct 11, 2015.
             Was a Follower of Zin.
             Slain by a polar bear (6 damage)
             ... created by the rage of Trog
             ... in an ossuary.
             The game lasted 00:14:24 (5290 turns).

Adamkad1 the Cudgeler (Ogre Gladiator)              Turns: 5290, Time: 00:14:25

Health: -1/72      AC:  5    Str: 21 (23) XL:     7   Next: 91%
Magic:  8/8        EV: 11    Int:  7      God:    Zin [*.....]
Gold:   157        SH:  0    Dex: 10      Spells: 0 memorised, 6 levels left

rFire  . . .     SeeInvis .     a - +0 flail
rCold  . . .     Clarity  .     b - +0 robe
rNeg   . . .     SustAt   .     (no shield)
rPois  .         Gourm    .     c - +0 hat
rElec  .         Spirit   .     r - +1 cloak {MR+}
rCorr  .         Warding  .     (gloves unavailable)
rMut   .         Stasis   .     (boots unavailable)
MR     +....                    (no amulet)
Stlth  +.........               (no ring)
                                (no ring)

@: somewhat resistant to hostile enchantments, very unstealthy
A: unfitting armour, tough skin 1
a: Donate Gold, Recite, Renounce Religion


You were in an ossuary.
You worshipped Zin.
Zin was aware of your devotion.
You were not hungry.

You visited 1 branch of the dungeon, and saw 4 of its levels.
You also visited: Ossuary.

You collected 174 gold pieces.
You donated 17 gold pieces to Zin.

Inventory:

Hand Weapons
 a - a +0 flail (weapon)
Missiles
 d - 3 throwing nets (quivered)
Armour
 b - a +0 robe (worn)
 c - a +0 hat (worn)
 o - a +0 cloak
 r - a +1 cloak of magic resistance (worn)
Jewellery
 m - a cursed ring of teleportation {unknown}
Wands
 j - a wand of random effects (23)
 s - a wand of lightning (8)
Scrolls
 e - 2 scrolls of enchant armour
 h - 7 scrolls of identify
 i - 4 scrolls of remove curse
 n - 3 scrolls of teleportation {unknown}
 t - 3 scrolls of fear {unknown}
 u - a scroll of random uselessness {unknown}
 w - a scroll of fog {unknown}
Potions
 f - 3 potions of curing
 l - a potion of brilliance {unknown}
 x - a potion of haste {unknown}
Books
 v - a book of Dreams

   Spells                             Type                      Level
   a - Ensorcelled Hibernation        Hexes/Ice                    2
   b - Phase Shift                    Translocation                5
   c - Shadow Creatures               Summoning                    5
   d - Silence                        Hexes/Air                    5
   e - Darkness                       Hexes                        6
   f - Mass Confusion                 Hexes                        6
Comestibles
 k - 5 slices of pizza
 p - a royal jelly
 q - a bread ration


   Skills:
 * Level 5.3 Fighting
 * Level 7.8 Maces & Flails
 + Level 2.0 Throwing
 + Level 5.5 Dodging
 + Level 1.1 Stealth
 + Level 1.4 Invocations
 + Level 0.1 Evocations


You had 6 spell levels left.
You didn't know any spells.

Dungeon Overview and Level Annotations

Branches:
Dungeon (4/15)
 Temple: D:4-7

Altars:
Makhleb
Ru
Trog
Zin


Innate Abilities, Weirdness & Mutations

You are too large for most types of armour.
You have tough skin (AC +1).


Message History

The black bear claws you but does no damage. x2
The black bear barely misses you. The black bear claws you.
The black bear closely misses you. The polar bear closely misses you.
The polar bear claws you but does no damage.
The polar bear claws you. The polar bear bites you!!
* * * LOW HITPOINT WARNING * * *
The polar bear claws you.
* * * LOW HITPOINT WARNING * * *
The polar bear claws you.
* * * LOW HITPOINT WARNING * * *
The black bear closely misses you. The black bear barely misses you.
The black bear closely misses you.
You sock the black bear!
The black bear is moderately wounded.
The black bear bites you but does no damage.
The black bear barely misses you. x2
The polar bear bites you.
* * * LOW HITPOINT WARNING * * *
The polar bear barely misses you. The polar bear claws you.
You die...

#...'...'^.^#...8...
#...#...#.^.#.......
##########'###8...8#
#??M#...#...#.......
#..!#...8...#...8...
#..!#.......#...#...
##+###8...8#########
#.h.#.......#.
#.h@h...8...'...
#.h.#...#...#....
#################


You could see 2 polar bears and 2 black bears.

Vanquished Creatures
  The ghost of Gaunah the Caller, an amateur VSSu (D:3)
  An ogre (D:4)
  4 scorpions (Ossuary)
  A centaur zombie (Ossuary)
  3 human zombies (Ossuary)
  A hound (D:4)
  Jessica (D:2)
  A worker ant (D:4)
  A big kobold zombie (Ossuary)
  A mummy (Ossuary)
  6 scorpion zombies (Ossuary)
  4 adders
  2 oozes (D:3)
  4 worms
  2 giant geckos (D:2)
  6 orcs (D:4)
  9 bats
  2 giant cockroaches
  5 goblins
  9 hobgoblins
  6 jackals
  2 quokkas (D:2)
  A ball python (D:4)
  6 giant newts
  2 gnoll zombies (Ossuary)
  A goblin zombie (Ossuary)
  A hobgoblin zombie (Ossuary)
  6 kobolds
  A kobold zombie (Ossuary)
  An orc zombie (Ossuary)
  7 rats
98 creatures vanquished.

Vanquished Creatures (others)
  A mummy (Ossuary)
  A goblin zombie (Ossuary)
2 creatures vanquished.

Grand Total: 100 creatures vanquished

Notes
Turn   | Place    | Note
--------------------------------------------------------------
     0 | D:1      | Adamkad1 the Ogre Gladiator began the quest for the Orb.
     0 | D:1      | Reached XP level 1. HP: 22/22 MP: 1/1
   188 | D:1      | Reached XP level 2. HP: 28/31 MP: 2/2
  1005 | D:2      | Found a sacrificial altar of Ru.
  1013 | D:2      | Reached XP level 3. HP: 37/37 MP: 3/3
  1551 | D:2      | Noticed Jessica
  1574 | D:2      | Killed Jessica
  1574 | D:2      | Reached skill level 5 in Maces & Flails
  1574 | D:2      | Reached XP level 4. HP: 32/45 MP: 4/4
  2249 | D:2      | Found a faded altar to an unknown god.
  2274 | D:2      | Became a worshipper of Trog the Wrathful
  2274 | D:2      | Acquired Trog's first power
  2555 | D:3      | Noticed Gaunah's ghost (amateur VSSu)
  2570 | D:3      | Killed Gaunah's ghost
  2570 | D:3      | Reached XP level 5. HP: 54/54 MP: 5/5
  2840 | D:3      | Reached XP level 6. HP: 52/62 MP: 6/6
  3164 | D:4      | Reached skill level 6 in Maces & Flails
  3365 | D:4      | Found a burning altar of Makhleb.
  3368 | D:4      | Found a glowing silver altar of Zin.
  3369 | D:4      | Noticed a cacodemon
  3369 | D:4      | Noticed an angel
  3381 | D:4      | Fell from the grace of Trog
  3381 | D:4      | Became a worshipper of Zin the Law-Giver
  3381 | D:4      | Acquired Zin's first power
  3394 | D:4      | Reached skill level 1 in Stealth
  3541 | D:4      | Found a sand-covered staircase.
  3552 | Ossuary  | Entered an ossuary
  3762 | Ossuary  | Reached skill level 5 in Dodging
  3762 | Ossuary  | Reached XP level 7. HP: 59/71 MP: 7/7
  4042 | Ossuary  | Reached skill level 5 in Fighting
  4412 | Ossuary  | Reached skill level 7 in Maces & Flails
  4731 | Ossuary  | Reached skill level 1 in Invocations
  5287 | Ossuary  | Noticed a polar bear
  5287 | Ossuary  | Noticed a polar bear
  5290 | Ossuary  | Slain by a polar bear

Vault maps used:
D:1:      dpeg_arrival_concentric_ovals
D:2:      overflow_temple_1_default, ecumenical_altar_1,
          minmay_misc_feat_square, uniq_jessica
D:4:      grunt_temple_overflow_order_and_chaos_2, first_bread, enter_ossuary_1,
          st_stairs_8
Ossuary:  ossuary_minmay_scorpions

Action                   |  1- 3 |  4- 6 |  7- 9 || total
-------------------------+-------+-------+-------++-------
Melee: Flail             |   103 |   175 |   131 ||   409
       Giant club        |       |    18 |       ||    18
Invok: Berserk           |       |     1 |       ||     1
       Recite            |       |       |     5 ||     5
Evoke: Wand              |     1 |       |       ||     1
  Use: Potion            |     3 |     3 |     2 ||     8
       Scroll            |       |     4 |       ||     4
 Stab: Paralysed         |     1 |       |       ||     1
       Sleeping          |       |     2 |       ||     2
  Eat: Bread ration      |     1 |     1 |       ||     2
       Chunk             |       |     4 |       ||     4
       Beef jerky        |       |       |     2 ||     2
